 Dungeon Crawl Stone Soup version 0.32-a0-921-g04a7ad8e02 (webtiles) character file.

Game seed: 6441393642727137331

385 DEFE the Chopper (level 6, -1/47 HPs)
             Began as a Coglin Fighter on Apr 11, 2024.
             Killed from afar by Dowan (7 damage)
             ... with a puff of flame
             ... on level 4 of the Dungeon.
             The game lasted 00:02:46 (2495 turns).

DEFE the Chopper (Coglin Fighter)                   Turns: 2495, Time: 00:02:46

Health: -1/47      AC:  8    Str: 18    XL:     6   Next: 77%
Magic:  6/6        EV:  8    Int:  8    God:
Gold:   143        SH:  0    Dex: 13    Spells: 5/5 levels left

rFire   . . .        a - +0 war axe {Dusana}
rCold   . . .        f - +0 hand axe {Harkiran}
rNeg    . . .        b - +0 scale mail
rPois   .            (no helmet)
rElec   .            (no cloak)
rCorr   .            o - +0 pair of gloves
SInv    .            p - +0 pair of boots
Will    .....        (amulet unavailable) Stlth
                     (ring unavailable)
HPRegen 0.27/turn    (ring unavailable)
MPRegen 0.10/turn    (no gizmo)

%: no passive effects
@: mighty, revved
A: off-hand wielding, slow wielding, warmup strikes, no jewellery
a: Invent Gizmo


You were on level 4 of the Dungeon.
You visited 1 branch of the dungeon, and saw 4 of its levels.

You collected 143 gold pieces.

Inventory:

Hand Weapons
 a - a +0 war axe (weapon) {Dusana}
 f - a +0 hand axe (offhand) {Harkiran}
Armour
 b - a +0 scale mail (worn)
 c - a +0 buckler
 o - a +0 pair of gloves (worn)
 p - a +0 pair of boots (worn)
Scrolls
 e - 4 scrolls of teleportation {unknown}
 g - 3 scrolls of identify {unknown}
 i - 2 scrolls of poison {unknown}
 j - a scroll of fog {unknown}
 k - a scroll of blinking {unknown}
 n - a scroll of immolation {unknown}
 r - a scroll of amnesia {unknown}
 s - a scroll of revelation {unknown}
Potions
 d - 3 potions of might
 h - 2 potions of enlightenment {unknown}
 l - 2 potions of heal wounds {unknown}
 m - 3 potions of curing {unknown}
 q - a potion of berserk rage {unknown}
 t - a potion of mutation {unknown}


   Skills:
 - Level 3.0 Fighting
 + Level 7.0 Axes
 - Level 2.6 Armour
 - Level 2.1 Shields


You had 5 spell levels left.
You didn't know any spells.
Your spell library contained the following spells:

 Spells                   Type           Power      Damage    Failure   Level
 Call Canine Familiar     Summ           0%         N/A       99%         3
 Hailstorm                Conj/Ice       0%         3d5       99%         3
 Sigil of Binding         Hex            0%         N/A       99%         3
 Summon Ice Beast         Ice/Summ       0%         N/A       99%         3
 Dimensional Bullseye     Hex/Tloc       0%         N/A       100%        4
 Permafrost Eruption      Ice/Erth       0%         2x4d1     100%        6
 Sculpt Simulacrum        Ice/Alch       0%         N/A       100%        6


Dungeon Overview and Level Annotations

Branches:
Dungeon (4/15)
 Temple: D:4-7

Altars:

Shops:
D:3 [

Annotations:
D:3 1 runed translucent door, Crazy Yiuf
D:4 Dowan, Duvessa


Innate Abilities, Weirdness & Mutations

You can wield a second weapon in your off-hand.
It takes a long time for you to wield or remove held weapons.
Your first few attacks do less damage.
You cannot equip rings or amulets.


Message History

The gnoll is lightly wounded.
You hit the gnoll but do no damage.
A gnoll comes into view. It is wielding a +0 halberd.
The gnoll completely misses you.
A hobgoblin comes into view.
You hit the gnoll with your +0 war axe.
The gnoll is moderately wounded.
You hit the gnoll with your +0 hand axe.
The gnoll hits you with a +0 flail.
You hit the gnoll with your +0 hand axe.
You kill the gnoll!
You closely miss Dowan with your +0 hand axe.
You hit Dowan with your +0 war axe. Dowan hits you but does no damage.
The gnoll hits you from afar with a +0 halberd!
Duvessa closely misses you. Dowan hits you but does no damage.
The gnoll hits you from afar with a +0 halberd.
You feel very mighty all of a sudden.
Dowan gestures at Duvessa while chanting.
Duvessa seems to speed up.
Duvessa barely misses you. The gnoll hits you but does no damage.
Unknown command.
You slice Duvessa with your +0 war axe!!
Duvessa is heavily wounded.
You slash Dowan with your +0 war axe!
You closely miss Duvessa with your +0 hand axe.
You closely miss Dowan with your +0 hand axe.
Duvessa hits you with a +0 rapier!
The gnoll hits you from afar with a +0 halberd.
Dowan hits you but does no damage. The gnoll closely misses you.
You hit Duvessa with your +0 war axe.
Duvessa is heavily wounded.
You barely miss Dowan with your +0 war axe.
You barely miss Duvessa with your +0 hand axe.
You slash Dowan with your +0 hand axe! Duvessa hits you with a +0 rapier!
* * * LOW HITPOINT WARNING * * *
The gnoll barely misses you. Duvessa hits you with a +0 rapier.
* * * LOW HITPOINT WARNING * * *
Dowan gestures at you while chanting. The puff of flame hits you!
You die...

######.###################
.........................#
#####...###########.####..
###.#..(#### #....#.#
'...#.....(# #..))#
###.#......# #..######
....#......# #.........
.####.#....# #...######
....#.#<...# #@...#
....#.###+## #ee♣.♣
#...#.....# gg⌠...⌠
....####### .g♣.♣.♣?♣
####### ......⌠...⌠
......# !... .♣.♣.♣.
#####.# ..... ⌠.. ⌠.. #
#..... .♣ ♣ ♣. #


You could see Duvessa (fast), Dowan, 2 gnolls and a hobgoblin.

Vanquished Creatures
  Sigmund (D:4)
  A bombardier beetle (D:4)
  An iguana (D:4)
  3 gnolls
  4 adders
  6 dart slugs
  A ribbon worm (D:2)
  7 orcs
  11 endoplasms
  A giant cockroach (D:2)
  7 goblins
  6 hobgoblins
  4 jackals (D:1)
  3 quokkas
  A ball python (D:3)
  9 bats
  5 frilled lizards
  11 kobolds
  6 rats
88 creatures vanquished.

Notes
Turn   | Place    | Note
-------+----------+-------------------------------------------
     0 | D:1      | DEFE the Coglin Fighter began the quest for the Orb.
     0 | D:1      | Reached XP level 1. HP: 18/18 MP: 1/1
   154 | D:1      | Reached XP level 2. HP: 19/24 MP: 2/2
   193 | D:1      | Reached skill level 3 in Axes
   353 | D:1      | Reached XP level 3. HP: 19/29 MP: 3/3
   684 | D:1      | Reached skill level 4 in Axes
   837 | D:2      | Found a faded altar of an unknown god.
   849 | D:2      | Reached XP level 4. HP: 30/35 MP: 4/4
  1758 | D:3      | Found Uloekiqu's Armour Emporium.
  1834 | D:3      | Reached skill level 5 in Axes
  1834 | D:3      | Reached XP level 5. HP: 41/41 MP: 5/5
  1953 | D:3      | Found a runed translucent door.
  1954 | D:3      | Noticed Crazy Yiuf
  2390 | D:4      | Noticed Sigmund
  2396 | D:4      | Killed Sigmund
  2397 | D:4      | Reached skill level 6 in Axes
  2397 | D:4      | Reached XP level 6. HP: 38/47 MP: 6/6
  2476 | D:4      | Reached skill level 7 in Axes
  2487 | D:4      | Noticed Duvessa
  2488 | D:4      | Noticed Dowan
  2495 | D:4      | Killed from afar by Dowan

Illustrated notes

Levels and vault maps discovered:
D:1:      shiori_arrival_elements, layout_basic, grunt_decor_mini_mirrors
D:2:      layout_basic, chequers_ecumenical_altar_island
D:3:      layout_rooms, serial_shops, nicolae_shop_trees,
          uniq_crazy_yiuf_cottage
D:4:      layout_basic, kennysheep_crisscross, uniq_sigmund, uniq_robin,
          uniq_duvessa

Skill      XL: |  1  2  3  4  5  6 |
---------------+-------------------+-----
Axes           | 3 4 5 6 7 |  7.0
Fighting       | |  3.0
Armour         | |  2.6
Shields        | |  2.1

Action                     |  1- 3 |  4- 6 || total
---------------------------+-------+-------++-------
  Melee: War axe           |    45 |   104 ||   149
         Hand axe          |    40 |    91 ||   131
    Use: Potion            |       |     1 ||     1
 Armour: Scale mail        |    45 |    79 ||   124
  Dodge: Dodged            |    41 |    59 ||   100
  Block: Buckler           |     2 |       ||     2

Table legend: (Time is in decaauts)
 A = Elapsed time spent in this place.
 B = Non-inter-level travel time spent in this place.
 C = Inter-level travel time spent in this place.
 D = Time resting spent in this place.
 E = Time spent auto-exploring this place.
 F = Levels seen in this place.
 G = Mean time per level.
                   A        B        C        D        E       F      G
               +--------+--------+--------+--------+--------+-----+--------+
         Total |   2526 |   2429 |     97 |    127 |   1796 |   4 |  631.5 |
       Dungeon |   2526 |   2429 |     97 |    127 |   1796 |   4 |  631.5 |
               +--------+--------+--------+--------+--------+-----+--------+

Top non-repeatable levels by time:
     D:2: 853 daAuts
     D:1: 847 daAuts
     D:3: 555 daAuts
     D:4: 268 daAuts
